%YAML 1.1
%TAG !u! tag:unity3d.com,2011:
--- !u!1 &757265511539818706
GameObject:
  m_ObjectHideFlags: 0
  m_CorrespondingSourceObject: {fileID: 0}
  m_PrefabInstance: {fileID: 0}
  m_PrefabAsset: {fileID: 0}
  serializedVersion: 6
  m_Component:
  - component: {fileID: 1017847536010989704}
  m_Layer: 13
  m_Name: Missing Prefab (Dummy)
  m_TagString: Untagged
  m_Icon: {fileID: 0}
  m_NavMeshLayer: 0
  m_StaticEditorFlags: 0
  m_IsActive: 1
--- !u!4 &1017847536010989704
Transform:
  m_ObjectHideFlags: 0
  m_CorrespondingSourceObject: {fileID: 4140096056506582012, guid: affd2d96cc2b5cc4d8b1242c582e3c89, type: 3}
  m_PrefabInstance: {fileID: 0}
  m_PrefabAsset: {fileID: 0}
  m_GameObject: {fileID: 757265511539818706}
  m_LocalRotation: {x: 0, y: 0, z: 0, w: 1}
  m_LocalPosition: {x: 0, y: 0, z: 0}
  m_LocalScale: {x: 1, y: 1, z: 1}
  m_Children: []
  m_Father: {fileID: 8731303109725723450}
  m_RootOrder: 0
  m_LocalEulerAnglesHint: {x: 0, y: 0, z: 0}
--- !u!1 &6439150021078162016
GameObject:
  m_ObjectHideFlags: 0
  m_CorrespondingSourceObject: {fileID: 0}
  m_PrefabInstance: {fileID: 0}
  m_PrefabAsset: {fileID: 0}
  serializedVersion: 6
  m_Component:
  - component: {fileID: 9189635904933877983}
  m_Layer: 13
  m_Name: CockLimbSplash Variant (Missing Prefab)
  m_TagString: Untagged
  m_Icon: {fileID: 0}
  m_NavMeshLayer: 0
  m_StaticEditorFlags: 0
  m_IsActive: 1
--- !u!4 &9189635904933877983
Transform:
  m_ObjectHideFlags: 0
  m_CorrespondingSourceObject: {fileID: 0}
  m_PrefabInstance: {fileID: 0}
  m_PrefabAsset: {fileID: 0}
  m_GameObject: {fileID: 6439150021078162016}
  m_LocalRotation: {x: 0, y: 0, z: 0, w: 1}
  m_LocalPosition: {x: 0, y: 0, z: 0}
  m_LocalScale: {x: 1, y: 1, z: 1}
  m_Children: []
  m_Father: {fileID: 8731303109725723450}
  m_RootOrder: 2
  m_LocalEulerAnglesHint: {x: 0, y: 0, z: 0}
--- !u!1 &7096006588066099925
GameObject:
  m_ObjectHideFlags: 0
  m_CorrespondingSourceObject: {fileID: 0}
  m_PrefabInstance: {fileID: 0}
  m_PrefabAsset: {fileID: 0}
  serializedVersion: 6
  m_Component:
  - component: {fileID: 8731303109725723450}
  - component: {fileID: 5412448573446596257}
  - component: {fileID: 5577417181012360959}
  m_Layer: 13
  m_Name: LegLeftLimb
  m_TagString: Untagged
  m_Icon: {fileID: 0}
  m_NavMeshLayer: 0
  m_StaticEditorFlags: 0
  m_IsActive: 1
--- !u!4 &8731303109725723450
Transform:
  m_ObjectHideFlags: 0
  m_CorrespondingSourceObject: {fileID: 0}
  m_PrefabInstance: {fileID: 0}
  m_PrefabAsset: {fileID: 0}
  m_GameObject: {fileID: 7096006588066099925}
  m_LocalRotation: {x: 0, y: 0, z: 0, w: 1}
  m_LocalPosition: {x: -20.34, y: 1, z: 4.01}
  m_LocalScale: {x: 1, y: 1, z: 1}
  m_Children:
  - {fileID: 1017847536010989704}
  - {fileID: 1922631649219976711}
  - {fileID: 9189635904933877983}
  - {fileID: 5578500150320750655}
  m_Father: {fileID: 0}
  m_RootOrder: 0
  m_LocalEulerAnglesHint: {x: 0, y: 0, z: 0}
--- !u!54 &5412448573446596257
Rigidbody:
  m_ObjectHideFlags: 0
  m_CorrespondingSourceObject: {fileID: 0}
  m_PrefabInstance: {fileID: 0}
  m_PrefabAsset: {fileID: 0}
  m_GameObject: {fileID: 7096006588066099925}
  serializedVersion: 2
  m_Mass: 1
  m_Drag: 0
  m_AngularDrag: 0.05
  m_UseGravity: 1
  m_IsKinematic: 0
  m_Interpolate: 1
  m_Constraints: 0
  m_CollisionDetection: 0
--- !u!114 &5577417181012360959
MonoBehaviour:
  m_ObjectHideFlags: 0
  m_CorrespondingSourceObject: {fileID: 0}
  m_PrefabInstance: {fileID: 0}
  m_PrefabAsset: {fileID: 0}
  m_GameObject: {fileID: 7096006588066099925}
  m_Enabled: 1
  m_EditorHideFlags: 0
  m_Script: {fileID: 11500000, guid: 4485d519dafbfd24598e0610a694c3b0, type: 3}
  m_Name: 
  m_EditorClassIdentifier: 
  sounds: {fileID: 11400000, guid: 104c9ffb88a27eb4a85d40d9ee720fca, type: 2}
  sources: 1
  layers:
    serializedVersion: 2
    m_Bits: 4294967295
--- !u!65 &6443664236696074402
BoxCollider:
  m_ObjectHideFlags: 0
  m_CorrespondingSourceObject: {fileID: 0}
  m_PrefabInstance: {fileID: 0}
  m_PrefabAsset: {fileID: 0}
  m_GameObject: {fileID: 7811656284465085540}
  m_Material: {fileID: 0}
  m_IsTrigger: 0
  m_Enabled: 1
  serializedVersion: 2
  m_Size: {x: 0.26401702, y: 0.141466, z: 0.072898}
  m_Center: {x: -0.1334755, y: -0.027604, z: 0.014672999}
--- !u!1001 &863917084085124304
PrefabInstance:
  m_ObjectHideFlags: 0
  serializedVersion: 2
  m_Modification:
    m_TransformParent: {fileID: 8731303109725723450}
    m_Modifications:
    - target: {fileID: 702538970875843946, guid: dacdf66b0d15590469cae34104fe675d, type: 3}
      propertyPath: m_Name
      value: LaserKakerlaken_Blut
      objectReference: {fileID: 0}
    - target: {fileID: 5086693004775529711, guid: dacdf66b0d15590469cae34104fe675d, type: 3}
      propertyPath: m_RootOrder
      value: 3
      objectReference: {fileID: 0}
    - target: {fileID: 5086693004775529711, guid: dacdf66b0d15590469cae34104fe675d, type: 3}
      propertyPath: m_LocalPosition.x
      value: 0
      objectReference: {fileID: 0}
    - target: {fileID: 5086693004775529711, guid: dacdf66b0d15590469cae34104fe675d, type: 3}
      propertyPath: m_LocalPosition.y
      value: -0.019
      objectReference: {fileID: 0}
    - target: {fileID: 5086693004775529711, guid: dacdf66b0d15590469cae34104fe675d, type: 3}
      propertyPath: m_LocalPosition.z
      value: 0
      objectReference: {fileID: 0}
    - target: {fileID: 5086693004775529711, guid: dacdf66b0d15590469cae34104fe675d, type: 3}
      propertyPath: m_LocalRotation.w
      value: 0.7071068
      objectReference: {fileID: 0}
    - target: {fileID: 5086693004775529711, guid: dacdf66b0d15590469cae34104fe675d, type: 3}
      propertyPath: m_LocalRotation.x
      value: 0
      objectReference: {fileID: 0}
    - target: {fileID: 5086693004775529711, guid: dacdf66b0d15590469cae34104fe675d, type: 3}
      propertyPath: m_LocalRotation.y
      value: -0.7071068
      objectReference: {fileID: 0}
    - target: {fileID: 5086693004775529711, guid: dacdf66b0d15590469cae34104fe675d, type: 3}
      propertyPath: m_LocalRotation.z
      value: 0
      objectReference: {fileID: 0}
    - target: {fileID: 5086693004775529711, guid: dacdf66b0d15590469cae34104fe675d, type: 3}
      propertyPath: m_LocalEulerAnglesHint.x
      value: 0
      objectReference: {fileID: 0}
    - target: {fileID: 5086693004775529711, guid: dacdf66b0d15590469cae34104fe675d, type: 3}
      propertyPath: m_LocalEulerAnglesHint.y
      value: -90
      objectReference: {fileID: 0}
    - target: {fileID: 5086693004775529711, guid: dacdf66b0d15590469cae34104fe675d, type: 3}
      propertyPath: m_LocalEulerAnglesHint.z
      value: 0
      objectReference: {fileID: 0}
    m_RemovedComponents: []
  m_SourcePrefab: {fileID: 100100000, guid: dacdf66b0d15590469cae34104fe675d, type: 3}
--- !u!4 &5578500150320750655 stripped
Transform:
  m_CorrespondingSourceObject: {fileID: 5086693004775529711, guid: dacdf66b0d15590469cae34104fe675d, type: 3}
  m_PrefabInstance: {fileID: 863917084085124304}
  m_PrefabAsset: {fileID: 0}
--- !u!1001 &2099862910797052396
PrefabInstance:
  m_ObjectHideFlags: 0
  serializedVersion: 2
  m_Modification:
    m_TransformParent: {fileID: 8731303109725723450}
    m_Modifications:
    - target: {fileID: -8679921383154817045, guid: cb793ca08922dad4085c12516a4dbc30, type: 3}
      propertyPath: m_RootOrder
      value: 1
      objectReference: {fileID: 0}
    - target: {fileID: -8679921383154817045, guid: cb793ca08922dad4085c12516a4dbc30, type: 3}
      propertyPath: m_LocalScale.x
      value: 2
      objectReference: {fileID: 0}
    - target: {fileID: -8679921383154817045, guid: cb793ca08922dad4085c12516a4dbc30, type: 3}
      propertyPath: m_LocalScale.y
      value: 2
      objectReference: {fileID: 0}
    - target: {fileID: -8679921383154817045, guid: cb793ca08922dad4085c12516a4dbc30, type: 3}
      propertyPath: m_LocalScale.z
      value: 2
      objectReference: {fileID: 0}
    - target: {fileID: -8679921383154817045, guid: cb793ca08922dad4085c12516a4dbc30, type: 3}
      propertyPath: m_LocalPosition.x
      value: 0
      objectReference: {fileID: 0}
    - target: {fileID: -8679921383154817045, guid: cb793ca08922dad4085c12516a4dbc30, type: 3}
      propertyPath: m_LocalPosition.y
      value: 0
      objectReference: {fileID: 0}
    - target: {fileID: -8679921383154817045, guid: cb793ca08922dad4085c12516a4dbc30, type: 3}
      propertyPath: m_LocalPosition.z
      value: 0
      objectReference: {fileID: 0}
    - target: {fileID: -8679921383154817045, guid: cb793ca08922dad4085c12516a4dbc30, type: 3}
      propertyPath: m_LocalRotation.w
      value: -0.072611555
      objectReference: {fileID: 0}
    - target: {fileID: -8679921383154817045, guid: cb793ca08922dad4085c12516a4dbc30, type: 3}
      propertyPath: m_LocalRotation.x
      value: 0
      objectReference: {fileID: 0}
    - target: {fileID: -8679921383154817045, guid: cb793ca08922dad4085c12516a4dbc30, type: 3}
      propertyPath: m_LocalRotation.y
      value: -0
      objectReference: {fileID: 0}
    - target: {fileID: -8679921383154817045, guid: cb793ca08922dad4085c12516a4dbc30, type: 3}
      propertyPath: m_LocalRotation.z
      value: 0.9973603
      objectReference: {fileID: 0}
    - target: {fileID: -8679921383154817045, guid: cb793ca08922dad4085c12516a4dbc30, type: 3}
      propertyPath: m_LocalEulerAnglesHint.x
      value: 0
      objectReference: {fileID: 0}
    - target: {fileID: -8679921383154817045, guid: cb793ca08922dad4085c12516a4dbc30, type: 3}
      propertyPath: m_LocalEulerAnglesHint.y
      value: 0
      objectReference: {fileID: 0}
    - target: {fileID: -8679921383154817045, guid: cb793ca08922dad4085c12516a4dbc30, type: 3}
      propertyPath: m_LocalEulerAnglesHint.z
      value: 188.328
      objectReference: {fileID: 0}
    - target: {fileID: -7635826562936255635, guid: cb793ca08922dad4085c12516a4dbc30, type: 3}
      propertyPath: m_Materials.Array.data[0]
      value: 
      objectReference: {fileID: 2100000, guid: e67cfb203a8b1d247a941521c071f749, type: 2}
    - target: {fileID: 919132149155446097, guid: cb793ca08922dad4085c12516a4dbc30, type: 3}
      propertyPath: m_Name
      value: leg_left
      objectReference: {fileID: 0}
    - target: {fileID: 919132149155446097, guid: cb793ca08922dad4085c12516a4dbc30, type: 3}
      propertyPath: m_Layer
      value: 13
      objectReference: {fileID: 0}
    - target: {fileID: 8164078558771037576, guid: cb793ca08922dad4085c12516a4dbc30, type: 3}
      propertyPath: m_Layer
      value: 13
      objectReference: {fileID: 0}
    m_RemovedComponents: []
  m_SourcePrefab: {fileID: 100100000, guid: cb793ca08922dad4085c12516a4dbc30, type: 3}
--- !u!4 &1922631649219976711 stripped
Transform:
  m_CorrespondingSourceObject: {fileID: -8679921383154817045, guid: cb793ca08922dad4085c12516a4dbc30, type: 3}
  m_PrefabInstance: {fileID: 2099862910797052396}
  m_PrefabAsset: {fileID: 0}
--- !u!1 &7811656284465085540 stripped
GameObject:
  m_CorrespondingSourceObject: {fileID: 8164078558771037576, guid: cb793ca08922dad4085c12516a4dbc30, type: 3}
  m_PrefabInstance: {fileID: 2099862910797052396}
  m_PrefabAsset: {fileID: 0}
